 Dungeon Crawl Stone Soup version 0.17.1-3-g152610e (webtiles) character file.

342 Heskey the Skirmisher (level 6, -4/56 HPs)
             Began as a Hill Orc Fighter on Mar 22, 2016.
             Slain by Edmund
             ... wielding a +7 dire flail of protection
              (9 damage)
             ... on level 4 of the Dungeon.
             The game lasted 00:04:46 (2460 turns).

Heskey the Skirmisher (Hill Orc Fighter)            Turns: 2460, Time: 00:04:46

Health: -4/56      AC: 10    Str: 21    XL:     6   Next: 57%
Magic:  6/6        EV:  8    Int:  8    God:
Gold:   154        SH:  9    Dex: 10    Spells: 0 memorised, 5 levels left

rFire  . . .     SeeInvis .     a - +0 war axe
rCold  . . .     Clarity  .     b - +0 scale mail
rNeg   . . .     SustAt   .     c - +0 shield
rPois  .         Gourm    .     (no helmet)
rElec  .         Spirit   .     (no cloak)
rCorr  .         Warding  .     g - +0 pair of gloves
rMut   .         Rnd*Tele +     m - +1 pair of boots
MR     .....                    (no amulet)
Stlth  ..........               q - ring of loudness (curse)
                                l - ring of teleportation (curse)

@: not resistant to hostile enchantments, extremely unstealthy
A: no striking features
a: Evoke Teleportation


You were on level 4 of the Dungeon.
You were not hungry.

You visited 1 branch of the dungeon, and saw 4 of its levels.

You collected 154 gold pieces.

Inventory:

Hand Weapons
 a - a +0 war axe (weapon)
Missiles
 i - 8 tomahawks (quivered)
 o - 7 javelins
Armour
 b - a +0 scale mail (worn)
 c - a +0 shield (worn)
 g - a +0 pair of gloves (worn)
 m - a +1 pair of boots (worn)
Jewellery
 l - a cursed ring of teleportation (left hand)
 q - a cursed ring of loudness (right hand)
Scrolls
 f - a scroll of teleportation
 n - a scroll of remove curse {unknown}
 p - 2 scrolls of recharging
 s - 3 scrolls of identify
 t - a scroll of enchant weapon {unknown}
Potions
 d - a potion of might
 j - 3 potions of curing
 k - a potion of agility {unknown}
Comestibles
 e - 4 bread rations
 r - a meat ration
 u - 3 chunks of flesh


   Skills:
 + Level 5.0 Fighting
 + Level 4.7 Axes
 + Level 4.3 Armour
 + Level 2.0 Dodging
 + Level 0.1 Stealth
 + Level 4.6 Shields


You had 5 spell levels left.
You didn't know any spells.

Dungeon Overview and Level Annotations

Branches:
Dungeon (4/15)
 Temple: D:4-7

Altars:
Dithmenos
Qazlal
Sif Muna

Annotations:
D:4 Edmund


Message History

The tomahawk hits Edmund but does no damage.
Edmund hits you with a dire flail of protection!
* * * LOW HITPOINT WARNING * * *
You are too injured to fight recklessly!
You are too injured to fight recklessly!
You hit Edmund.
Edmund is lightly wounded.
Edmund hits you with a dire flail of protection!
* * * LOW HITPOINT WARNING * * *
You closely miss Edmund.
Edmund is lightly wounded.
You block Edmund's attack.
You closely miss Edmund.
Edmund is lightly wounded.
Edmund hits you with a dire flail of protection.
* * * LOW HITPOINT WARNING * * *
You hit Edmund but do no damage.
Edmund is lightly wounded.
Edmund hits you with a dire flail of protection!
You die...

.......'......#
.......#......#
.......#......#
.......#......#
..######......#### ..#
#####.....#############+
..# #.....'.............
.( #.....#.............
#....@#..##..##....
#.<..@#..##))# ...
#....(#..##.........
#.....#......##.....
.......#.....[# ####
........+..##..#
........#..##..#
........#..##..# # ...#


You could see Edmund.

Vanquished Creatures
  An ogre (D:4)
  A scorpion (D:4)
  A hound (D:4)
  Terence (D:2)
  A worker ant (D:4)
  6 adders
  2 worms (D:2)
  2 giant geckos
  5 orcs
  7 bats
  3 giant cockroaches
  10 goblins
  5 hobgoblins
  5 jackals
  12 kobolds
  2 quokkas
  A ball python (D:3)
  A giant newt (D:3)
  5 rats
71 creatures vanquished.

Notes
Turn   | Place    | Note
--------------------------------------------------------------
     0 | D:1      | Heskey the Hill Orc Fighter began the quest for the Orb.
     0 | D:1      | Reached XP level 1. HP: 19/19 MP: 1/1
   124 | D:1      | Reached XP level 2. HP: 17/27 MP: 2/2
   293 | D:1      | Reached XP level 3. HP: 22/33 MP: 3/3
   650 | D:2      | Reached skill level 4 in Fighting
   650 | D:2      | Reached skill level 1 in Dodging
   738 | D:2      | Reached XP level 4. HP: 32/40 MP: 4/4
   768 | D:2      | Noticed Terence
   781 | D:2      | Killed Terence
  1198 | D:2      | Found a shadowy altar of Dithmenos.
  1456 | D:3      | Reached XP level 5. HP: 47/47 MP: 5/5
  2008 | D:3      | Found a deep blue altar of Sif Muna.
  2008 | D:3      | Found a stormy altar of Qazlal.
  2161 | D:4      | Noticed an ogre
  2189 | D:4      | Killed an ogre
  2189 | D:4      | Reached XP level 6. HP: 19/53 MP: 6/6
  2430 | D:4      | Reached skill level 5 in Fighting
  2449 | D:4      | Noticed Edmund
  2460 | D:4      | Slain by Edmund

Action                   |  1- 3 |  4- 6 || total
-------------------------+-------+-------++-------
Melee: War axe           |    90 |   137 ||   227
Throw: Tomahawk          |       |     2 ||     2
  Use: Scroll            |     3 |     3 ||     6
       Potion            |     2 |     2 ||     4
  Eat: Chunk             |       |     5 ||     5
